details: 'afk thenGG'

« prev index next »

General information

Mini Map

Players

team 1
UndeadZe.Rath3isaFaig (pink | 87 APM | 2278 actions | 26:06)
Hero icon 6 Death Knight
Ability icon 3 Death Coil
Ability icon 2 Unholy Aura
Ability icon 1 Animate Dead
Hero icon 6 Dark Ranger
Ability icon 2 Black Arrow
Ability icon 3 Silence
Ability icon 1 Charm

» actions
Assign group hotkey21
Basic commands525
Build / train64
ESC pressed2
Enter build submenu22
Enter hero's abilities submenu13
Give item / drop item3
Right click715
Select / deselect407
Select group hotkey415
Use ability91
2278 total
» units
Acolyte2
Ghoul6
Crypt Fiend7
Obsidian Statue2
Frost Wyrm4
21 total
» upgrades
Creature Attack3
Creature Carapace3
Web1
7 total
» buildings
Graveyard1
Crypt1
Ziggurat7
Altar of Darkness1
Tomb of Relics1
Halls of the Dead2
Black Citadel1
Slaughterhouse1
Sacrificial Pit1
Boneyard2
18 total
» build order
01:48 Graveyard
02:17 Crypt
03:10 Ziggurat
03:13 Altar of Darkness
03:59 Ziggurat
04:58 Tomb of Relics
06:22 Halls of the Dead
08:15 Ziggurat
08:54 Ziggurat
10:46 Black Citadel
13:02 Slaughterhouse
13:04 Sacrificial Pit
14:54 Boneyard
14:57 Boneyard
16:09 Ziggurat
16:12 Ziggurat
21:13 Ziggurat
» items
Rod of Necromancy1
Potion of Healing2
Scroll of Town Portal1
Orb of Corruption1
Scroll of Healing1
Potion of Mana1
Scroll of Protection2
Potion of Lesser Invulnerability1
Boots of Speed1
11 total
Random» UndeadShenmue (red | 52 APM | 1355 actions | 26:04)
Hero icon 6 Death Knight
Ability icon 3 Death Coil
Ability icon 2 Unholy Aura
Ability icon 1 Animate Dead
Hero icon 6 Dark Ranger
Ability icon 2 Black Arrow
Ability icon 3 Silence
Ability icon 1 Charm

» actions
Assign group hotkey102
Basic commands16
Build / train64
ESC pressed1
Enter build submenu15
Enter hero's abilities submenu12
Right click675
Select / deselect258
Select group hotkey152
Use ability60
1355 total
» units
Acolyte7
Ghoul9
Gargoyle20
36 total
» upgrades
Creature Attack3
Creature Carapace3
6 total
» buildings
Crypt3
Ziggurat5
Altar of Darkness1
Graveyard1
Tomb of Relics1
Halls of the Dead1
Black Citadel1
Sacrificial Pit1
14 total
» build order
00:12 Crypt
00:15 Ziggurat
00:35 Crypt
01:04 Altar of Darkness
01:34 Graveyard
03:16 Tomb of Relics
03:22 Ziggurat
04:31 Halls of the Dead
05:08 Ziggurat
06:41 Ziggurat
06:44 Crypt
11:10 Ziggurat
15:01 Black Citadel
16:12 Sacrificial Pit
» items
Rod of Necromancy3
Scroll of Town Portal2
Potion of Lesser Invulnerability1
6 total
Random» HumanHOTPEPPER (yellow | 77 APM | 1999 actions | 26:04)
Hero icon 6 Goblin Tinker
Ability icon 3 Pocket Factory
Ability icon 2 Engineering Upgrade
Ability icon 1 Robo-Goblin
Hero icon 4 Firelord
Ability icon 2 Summon Lava Spawn
Ability icon 2 Incinerate

» actions
Assign group hotkey34
Build / train88
Enter build submenu26
Enter hero's abilities submenu11
Remove unit from queue1
Right click843
Select / deselect295
Select group hotkey618
Use ability83
1999 total
» units
Peasant22
Rifleman15
Priest9
46 total
» upgrades
Masonry1
Gunpowder2
Priest Training2
Long Rifles1
Armor1
7 total
» buildings
Lumber Mill1
Scout Tower12
Guard Tower12
Altar of Kings1
Farm12
Arcane Vault2
Blacksmith1
Barracks3
Keep2
Arcane Tower1
Arcane Sanctum1
Castle1
Town Hall1
50 total
» build order
00:22 Lumber Mill
01:05 Scout Tower
01:10 Scout Tower
01:13 Scout Tower
01:28 Guard Tower
01:36 Scout Tower
01:37 Scout Tower
01:39 Guard Tower
01:49 Guard Tower
01:49 Guard Tower
02:03 Guard Tower
02:11 Guard Tower
02:46 Altar of Kings
02:48 Farm
03:28 Farm
05:08 Scout Tower
05:09 Scout Tower
05:10 Scout Tower
05:14 Scout Tower
05:15 Scout Tower
05:25 Arcane Vault
05:38 Guard Tower
06:25 Guard Tower
06:25 Guard Tower
07:13 Blacksmith
07:15 Barracks
07:18 Barracks
07:21 Barracks
07:34 Arcane Vault
07:43 Scout Tower
07:49 Scout Tower
08:08 Keep
08:11 Arcane Tower
08:33 Farm
08:37 Farm
08:40 Farm
08:46 Guard Tower
08:47 Guard Tower
09:15 Farm
09:16 Farm
11:20 Arcane Sanctum
12:12 Farm
12:15 Farm
12:21 Castle
20:30 Farm
20:30 Farm
20:32 Farm
22:40 Town Hall
» items
Scroll of Regeneration2
Lesser Clarity Potion2
Scroll of Town Portal1
Potion of Healing1
6 total
Random» Humanpdhwl1 (green | 48 APM | 1239 actions | 26:04)
Hero icon 7 Archmage
Ability icon 2 Blizzard
Ability icon 1 Brilliance Aura
Ability icon 3 Summon Water Elemental
Ability icon 1 Mass Teleport

» actions
Assign group hotkey152
Basic commands138
Build / train72
Enter build submenu14
Enter hero's abilities submenu7
Right click428
Select / deselect283
Select group hotkey66
Use ability79
1239 total
» units
Peasant9
Footman12
Knight13
Priest5
Spell Breaker3
42 total
» upgrades
Defend1
Swords3
Plating3
Lumber Harvesting1
Masonry1
Animal War Training1
Priest Training2
Magic Sentry1
Gunpowder2
Control Magic1
16 total
» buildings
Altar of Kings1
Farm13
Barracks2
Arcane Vault1
Keep1
Blacksmith1
Scout Tower3
Castle1
Arcane Tower1
Lumber Mill1
Guard Tower1
Arcane Sanctum1
Town Hall1
28 total
» build order
00:11 Altar of Kings
00:21 Farm
00:22 Farm
00:26 Farm
01:24 Barracks
01:55 Barracks
02:14 Farm
02:18 Farm
02:19 Farm
02:19 Farm
05:01 Arcane Vault
06:03 Keep
06:14 Blacksmith
10:08 Scout Tower
10:09 Scout Tower
10:10 Scout Tower
10:24 Castle
10:52 Arcane Tower
10:56 Lumber Mill
12:11 Guard Tower
12:58 Arcane Sanctum
13:04 Farm
13:05 Farm
13:06 Farm
13:06 Farm
13:08 Farm
13:09 Farm
24:05 Town Hall
» items
Scroll of Town Portal2
2 total
team 2
Orcmini.guy (blue | 118 APM | 3083 actions | 26:04)
Hero icon 5 Tauren Chieftain
Ability icon 2 Shockwave
Ability icon 3 Endurance Aura
Hero icon 3 Shadow Hunter
Ability icon 2 Healing Wave
Ability icon 1 Serpent Ward

» actions
Assign group hotkey35
Basic commands250
Build / train89
ESC pressed1
Enter build submenu21
Enter hero's abilities submenu8
Give item / drop item1
Right click882
Select / deselect357
Select group hotkey1338
Use ability101
3083 total
» units
Peon11
Grunt7
Demolisher3
Troll Headhunter/Berserker2
Troll Witch Doctor3
Shaman3
Troll Batrider8
37 total
» upgrades
Pillage1
Armor1
Melee Weapons1
Spiked Barricades2
Berserker Strength1
Troll Regeneration1
Ranged Weapons2
Witch Doctor Training2
Shaman Training2
Reinforced Defenses1
Berserker Upgrade1
Burning Oil1
Ensnare1
17 total
» buildings
Orc Burrow6
Altar of Storms1
Barracks2
War Mill1
Stronghold1
Watch Tower2
Voodoo Lounge1
Spirit Lodge2
Fortress2
Beastiary3
21 total
» build order
00:16 Orc Burrow
00:49 Altar of Storms
01:06 Barracks
01:23 Orc Burrow
02:49 War Mill
03:31 Barracks
05:14 Orc Burrow
06:01 Orc Burrow
06:47 Stronghold
07:11 Watch Tower
07:13 Watch Tower
08:49 Voodoo Lounge
09:46 Orc Burrow
09:48 Spirit Lodge
09:56 Spirit Lodge
11:07 Orc Burrow
13:06 Fortress
13:06 Fortress
16:13 Beastiary
16:15 Beastiary
16:19 Beastiary
» items
Scroll of Healing1
Scroll of Protection1
Lesser Clarity Potion2
Healing Salve2
Potion of Healing3
Scroll of Speed1
Potion of Mana1
Scroll of Town Portal2
13 total
NightElfaurasnow (teal | 56 APM | 1437 actions | 25:45)
Hero icon 5 Priestess of the Moon
Ability icon 2 Searing Arrows
Ability icon 3 Trueshot Aura

» actions
Assign group hotkey37
Build / train92
ESC pressed16
Enter build submenu21
Enter hero's abilities submenu5
Right click457
Select / deselect423
Select group hotkey321
Use ability65
1437 total
» units
Wisp33
Archer23
Druid of the Talon14
Faerie Dragon1
Glaive Thrower1
72 total
» upgrades
Improved Bows1
Strength of the Wild2
Ultravision2
Strength of the Moon2
Druid of the Talon Training2
9 total
» buildings
Altar of Elders1
Moon Well6
Ancient of War5
Tree of Ages2
Hunter's Hall1
Ancient Protector4
Ancient of Wonders1
Ancient of Wind1
21 total
» build order
00:07 Altar of Elders
00:08 Moon Well
01:29 Ancient of War
01:32 Ancient of War
01:49 Ancient of War
02:15 Moon Well
02:28 Moon Well
03:36 Ancient of War
03:36 Ancient of War
05:33 Moon Well
06:37 Tree of Ages
07:24 Hunter's Hall
07:42 Tree of Ages
08:37 Ancient Protector
08:39 Ancient Protector
09:36 Ancient of Wonders
09:45 Ancient Protector
09:51 Moon Well
10:51 Ancient of Wind
13:05 Ancient Protector
15:37 Moon Well
» items
Scroll of Town Portal2
2 total
NightElfxenakis (orange | 61 APM | 1577 actions | 25:40)
Hero icon 4 Dark Ranger
Ability icon 2 Black Arrow
Ability icon 2 Silence

» actions
Assign group hotkey36
Basic commands163
Build / train63
ESC pressed2
Enter build submenu16
Enter hero's abilities submenu4
Right click575
Select / deselect355
Select group hotkey303
Use ability60
1577 total
» units
Wisp15
Archer10
Huntress2
Druid of the Claw15
Dryad6
48 total
» upgrades
Improved Bows1
Druid of the Claw Training2
Mark of the Claw1
Abolish Magic1
5 total
» buildings
Moon Well6
Altar of Elders1
Ancient of War2
Tree of Ages1
Hunter's Hall1
Ancient of Wonders1
Tree of Eternity1
Ancient of Lore2
Ancient Protector2
17 total
» build order
00:21 Moon Well
01:02 Altar of Elders
01:04 Ancient of War
01:32 Moon Well
01:50 Ancient of War
04:09 Moon Well
05:17 Moon Well
05:34 Tree of Ages
05:39 Hunter's Hall
06:50 Ancient of Wonders
09:27 Tree of Eternity
09:33 Ancient of Lore
09:42 Ancient of Lore
11:17 Ancient Protector
11:25 Ancient Protector
21:59 Moon Well
21:59 Moon Well
» items
Scroll of Town Portal3
3 total
UndeadNOias (purple | 52 APM | 1366 actions | 26:01)
Hero icon 5 Death Knight
Ability icon 3 Death Coil
Ability icon 2 Unholy Aura
Hero icon 4 Lich
Ability icon 2 Frost Nova
Ability icon 2 Frost Armor

» actions
Assign group hotkey136
Build / train61
ESC pressed2
Enter build submenu28
Enter hero's abilities submenu9
Give item / drop item1
Right click592
Select / deselect324
Select group hotkey132
Use ability81
1366 total
» units
Acolyte4
Ghoul6
Crypt Fiend8
Obsidian Statue2
Frost Wyrm7
27 total
» upgrades
Creature Attack2
Web1
Destroyer Form1
Creature Carapace3
7 total
» buildings
Crypt2
Graveyard1
Altar of Darkness1
Ziggurat7
Tomb of Relics1
Halls of the Dead1
Spirit Tower3
Slaughterhouse1
Black Citadel1
Sacrificial Pit1
Boneyard1
Necropolis1
21 total
» build order
00:07 Crypt
00:09 Graveyard
01:07 Altar of Darkness
01:08 Ziggurat
02:06 Tomb of Relics
02:07 Ziggurat
04:00 Halls of the Dead
05:14 Crypt
05:15 Ziggurat
06:40 Spirit Tower
09:41 Slaughterhouse
10:04 Black Citadel
11:10 Sacrificial Pit
11:11 Ziggurat
12:47 Boneyard
15:07 Necropolis
15:10 Ziggurat
16:55 Ziggurat
23:50 Ziggurat
24:07 Spirit Tower
24:10 Spirit Tower
» items
Rod of Necromancy3
Scroll of Town Portal3
Potion of Lesser Invulnerability1
Orb of Corruption1
Orb of Venom1
Potion of Healing1
10 total

Chat log

(00:07 / All) xenakis: poor dreamcast :"(
(00:17 / All) NOias: XERXES
(00:23 / All) xenakis: yeah
(00:27 / All) NOias: WE R SPARTA!
(00:28 / All) Shenmue: dreamcast2 comes out next year
(00:34 / All) xenakis: what!!!!!
(00:41 / All) xenakis: whats gonna be on it
(00:48 / All) Shenmue: just kidding
(00:55 / All) xenakis: :( fooled again...
(00:58 / Allies) HOTPEPPER: coime
(01:08 / Allies) Shenmue: fuck i built 2
(01:39 / Allies) Ze.Rath3isaFaig: whpa
(01:44 / Allies) Ze.Rath3isaFaig: IM HERE
(01:54 / Allies) Ze.Rath3isaFaig: cc level 2 lets go middle then hit
(01:57 / Allies) HOTPEPPER: come
(02:01 / Allies) Ze.Rath3isaFaig: lol wtf
(02:07 / Allies) Ze.Rath3isaFaig: oph wow nice
(02:09 / Allies) Ze.Rath3isaFaig: need some resourceS?
(02:22 / Allies) HOTPEPPER: ya
(02:31 / Allies) Ze.Rath3isaFaig: lol game over
(02:36 / Allies) Ze.Rath3isaFaig: how the fuck did you do that
(03:02 / Allies) Ze.Rath3isaFaig: lol fuckign awesome
(03:22 / All) Ze.Rath3isaFaig: rofl
(03:43 / Allies) Ze.Rath3isaFaig: get more peasants
(04:40 / Allies) Ze.Rath3isaFaig: rum red
(04:48 / Allies) Shenmue: tower
(04:49 / Allies) Shenmue: quick
(05:06 / Allies) Ze.Rath3isaFaig: we take middle then hit teal
(05:07 / Allies) Ze.Rath3isaFaig: they are weak
(05:15 / Allies) Ze.Rath3isaFaig: jsut tower yellow we'll be ok
(05:18 / Allies) Ze.Rath3isaFaig: fuck
(05:18 / Allies) Shenmue: tp
(05:30 / Allies) Shenmue: green help him
(05:31 / Allies) Ze.Rath3isaFaig: goign to tp
(05:56 / Allies) Ze.Rath3isaFaig: tp asap red or i'm fucked
(06:32 / Allies) Ze.Rath3isaFaig: gj
(07:31 / Allies) Ze.Rath3isaFaig: out fo rnow
(07:58 / Allies) Ze.Rath3isaFaig: back up
(07:59 / Allies) Shenmue: tech
(08:10 / Allies) Ze.Rath3isaFaig: we need to cc and take middle
(08:12 / Allies) Ze.Rath3isaFaig: then we can go back
(08:24 / Allies) Shenmue: i got gaygoyles
(08:34 / Allies) Ze.Rath3isaFaig: oiut
(08:34 / Allies) Ze.Rath3isaFaig: out
(08:36 / Allies) Ze.Rath3isaFaig: get back dude
(08:44 / Allies) Shenmue: GREEN GET OUT
(09:19 / Allies) Ze.Rath3isaFaig: red lets tak emiddle now
(09:46 / Allies) Ze.Rath3isaFaig: come
(09:50 / Allies) Ze.Rath3isaFaig: cc with us then we hit teal

(11:18 / Allies) Ze.Rath3isaFaig: go tp then counter
(11:25 / Allies) Ze.Rath3isaFaig: nm just walk
(11:33 / Allies) Ze.Rath3isaFaig: green tp in please
(12:07 / Allies) pdhwl1: back pink and yellow
(12:30 / Allies) Ze.Rath3isaFaig: wow wtf is red at
(12:32 / Allies) Ze.Rath3isaFaig: mother fucker
(12:41 / Allies) Ze.Rath3isaFaig: wtf are you doing
(12:42 / Allies) Ze.Rath3isaFaig: get over hre
(12:51 / Allies) Shenmue: i got this
(12:57 / Allies) Ze.Rath3isaFaig: yeah nice one
(13:12 / Allies) Ze.Rath3isaFaig: meet lets go red

(14:40 / Allies) Ze.Rath3isaFaig: wtf is red at
(14:43 / Allies) Ze.Rath3isaFaig: chasing a single unit... amzing
(14:49 / Allies) Ze.Rath3isaFaig: out fo rnow
(15:04 / Allies) Ze.Rath3isaFaig: only red couldv'e fucked that one up
(15:10 / Allies) Shenmue: had to chase the bear
(15:14 / Allies) Ze.Rath3isaFaig: green
(15:16 / Allies) Ze.Rath3isaFaig: we hit purple in a second
(15:25 / Allies) pdhwl1: not purple.. teal best chance
(15:26 / Allies) Ze.Rath3isaFaig: we can main him or force tps
(15:29 / Allies) pdhwl1: purple towered
(15:31 / Allies) Ze.Rath3isaFaig: fine we tp there then
(15:51 / Allies) Ze.Rath3isaFaig: meet lets go

(16:52 / Allies) Ze.Rath3isaFaig: sec
(16:59 / Allies) Ze.Rath3isaFaig: waiting for you green
(17:06 / Allies) pdhwl1: coming
(17:28 / Allies) Shenmue: gtfo
(17:31 / Allies) Ze.Rath3isaFaig: out man wtf lol
(17:53 / Allies) Ze.Rath3isaFaig: GO
(18:05 / Allies) Ze.Rath3isaFaig: omfg amaing
(18:07 / Allies) Ze.Rath3isaFaig: WTF IS RD AT

(20:39 / All) Ze.Rath3isaFaig: maybe next time
(20:59 / All) Ze.Rath3isaFaig: and I was afk for the first few minutes lol
(21:17 / Allies) Shenmue: we need expos
(22:04 / All) Ze.Rath3isaFaig: rofl orange
(23:01 / Allies) Ze.Rath3isaFaig: coming green

(24:12 / Allies) Ze.Rath3isaFaig: lets go

(25:40 / All) xenakis: gg
(25:58 / All) mini.guy: i hate bats.
(26:03 / All) Ze.Rath3isaFaig: at level 3 armor